 Dungeon Crawl Stone Soup version 0.21.0-3-g78d12a8 (webtiles) character file.

107972 Inarius the Gelid (level 16, -5/120 HPs)
             Began as a White Draconian Ice Elementalist on Jan 9, 2018.
             Was the Champion of Hepliaklqana.
             Slain by an enormous slime creature (47 damage)
             ... on level 2 of the Swamp on Jan 10, 2018.
             The game lasted 02:22:34 (32154 turns).

Inarius the Gelid (DrIE)                           Turns: 32154, Time: 02:22:36

Health: -5/120     AC: 14    Str: 16    XL:     16   Next: 1%
Magic:  17/38      EV: 18    Int: 21    God:    Hepliaklqana [******]
Gold:   1981       SH: 10    Dex: 16    Spells: 16/34 levels left

rFire    x . .     SeeInvis .   c - staff of cold
rCold    + + +     Gourm    .   t - +0 shield
rNeg     . . .     Faith    .   (armour unavailable)
rPois    .         Spirit   .   (helmet restricted)
rElec    .         Reflect  .   p - +0 cloak
rCorr    .         Harm     .   G - +1 pair of gloves {Str+3}
MR       +....     Clarity  +   k - +0 pair of boots
Stlth    ++........             T - amulet of magic regeneration
HPRegen  0.30/turn              z - ring of ice
MPRegen  0.51/turn              V - ring of the Octopus King {MP+9 AC+1 EV+1 Str+1 Int+1 Dex+1}

@: short of breath
A: breathe frost, unfitting armour, reduced essence, horns 1, agile 1, clarity,
cold resistance 1, cold-blooded, MP-powered wands, AC +9
a: Breathe Frost, Recall Ancestor, Ancestor Identity, Transference, Idealise,
Renounce Religion


You were on level 2 of the Swamp.
You worshipped Hepliaklqana.
Hepliaklqana was exalted by your worship.
You were not hungry.

You visited 5 branches of the dungeon, and saw 26 of its levels.
You also visited: Labyrinth and Volcano.

You collected 2788 gold pieces.
You spent 807 gold pieces at shops.

Inventory:

Hand Weapons
 b - a +3 scimitar of flaming
Armour
 a - a scarf of spirit shield
 k - a +0 pair of boots (worn)
 p - a +0 cloak (worn)
 t - a +0 shield (worn)
 u - a +0 buckler
 G - a +1 pair of gloves of strength (worn)
Magical Staves
 c - an uncursed staff of cold (weapon)
 U - an uncursed staff of wizardry
Jewellery
 z - a ring of ice (left hand)
 C - a +5 amulet of reflection
 O - an uncursed amulet of regeneration
 R - an uncursed ring of fire
 T - an amulet of magic regeneration (around neck)
 V - a ring of the Octopus King (right hand) {MP+9 AC+1 EV+1 Str+1 Int+1 Dex+1}
   (You took it off a death knight on level 15 of the Dungeon)

   [ring of magical power]

   It affects your AC (+1).
   It affects your evasion (+1).
   It affects your strength (+1).
   It affects your intelligence (+1).
   It affects your dexterity (+1).
   It affects your magic capacity (+9).
 W - an uncursed ring of protection from fire
 Y - an uncursed ring of resist corrosion
Wands
 K - a wand of digging (7)
Scrolls
 f - 5 scrolls of fear
 i - 5 scrolls of blinking
 j - 9 scrolls of teleportation
 o - 3 scrolls of fog
 q - a scroll of brand weapon
 r - 4 scrolls of enchant armour
 v - 4 scrolls of immolation
 w - 8 scrolls of remove curse
 y - 5 scrolls of magic mapping
 A - a scroll of summoning
 B - 3 scrolls of identify
 L - 2 scrolls of amnesia
 X - 2 scrolls of silence
 Z - 2 scrolls of enchant weapon
Potions
 d - 3 potions of might
 e - 4 potions of heal wounds
 g - 6 potions of mutation
 h - 4 potions of agility
 l - a potion of invisibility
 m - a potion of ambrosia
 n - 9 potions of curing
 s - 5 potions of brilliance
 D - a potion of resistance
 E - 4 potions of berserk rage
 H - a potion of cancellation
 I - 2 potions of flight
 P - 3 potions of haste
 S - 2 potions of lignification
Miscellaneous
 x - a sack of spiders
 F - a lamp of fire
 J - a box of beasts
 N - a phantom mirror
 Q - a fan of gales
Comestibles
 M - 40 rations


   Skills:
 * Level 9.8 Fighting
   Level 0.8(1.1) Short Blades
 - Level 1.2(1.4) Long Blades
 - Level 6.0 Staves
 + Level 9.1 Dodging
 - Level 1.7 Stealth
 + Level 5.6 Shields
 + Level 9.6 Spellcasting
 + Level 10.4 Conjurations
 * Level 2.2 Hexes
 + Level 4.2 Charms
 + Level 5.4 Summonings
 * Level 19.6 Ice Magic
 + Level 2.3 Air Magic
 + Level 6.0 Invocations
 * Level 1.9 Evocations


You had 16 spell levels left.
You knew the following spells:

 Your Spells              Type           Power        Failure   Level  Hunger
a - Swiftness             Chrm/Air       ###.....     9%          2    None
b - Ozocubu's Armour      Chrm/Ice       #######.     1%          3    None
c - Throw Icicle          Conj/Ice       ########     1%          4    ##.....
d - Summon Ice Beast      Ice/Summ       #######.     1%          4    ##.....
e - Metabolic Englaciati  Hex/Ice        #######...   7%          5    ####...


Dungeon Overview and Level Annotations

Branches:
Dungeon (15/15)            Temple (1/1) D:4            Lair (6/6) D:8
  Swamp (2/4) Lair:4       Spider (0/4) Lair:4        Slime (0/5) Lair:5
    Orc (2/2) D:10            Elf (0/3) Orc:2        Vaults (0/5) D:14
 Depths (0/5) D:15

Altars:
Ashenzari
Cheibriados
Elyvilon
Fedhas
Gozag
Hepliaklqana
Kikubaaqudgha
Nemelex Xobeh
Okawaru
Ru
Sif Muna
Vehumet
Wu Jian
Xom
The Shining One
Beogh

Shops:
D:7 (   D:9 *   D:10 }   Orc:2 *[(*

Portals:
Trove: D:12 (give +5 fire dragon scales)

Annotations:
D:7 exclusion: statue
Swamp:2 1 transporter


Innate Abilities, Weirdness & Mutations

You can breathe waves of freezing cold.
You can buffet flying creatures when you breathe cold.
Your icy white scales are hard. (AC +9)
You cannot fit into any form of body armour.
Your flesh is cold resistant. (rC+)
You are cold-blooded and may be slowed by cold attacks.
Your life essence is reduced to manifest your ancestor. (-10% HP)
You have a pair of small horns on your head.
You are agile. (Dex +2)
You possess an exceptional clarity of mind.
You expend magic power (3 MP) to strengthen your wands.


Message History

A very large slime creature splits.
Unknown command.
Unknown command.
Unknown command.
Onaxys hits the enormous slime creature with a broad axe of flaming.
Onaxys burns the enormous slime creature.
Your ice beast hits the enormous slime creature but does no damage.
Two slime creatures merge to form a large slime creature.
Your ice beast hits the enormous slime creature.
Your ice beast freezes the enormous slime creature!
Press: ? - help, Shift-Dir - straight line, f - enormous slime creature, p - large slime creature
Aim: an enormous slime creature (lightly wounded)
You exhale a wave of freezing cold.
The freezing breath hits the large slime creature.
The large slime creature is severely wounded.
The freezing breath hits the large slime creature.
The large slime creature is heavily wounded.
You feel somewhat more hungry. The large slime creature hits you!!!
The enormous slime creature hits you!!!
You die...

≈≈≈≈≈..≈.≈......≈♣≈≈♣.≈♣♣≈.
....§....≈.≈.♣§≈♣≈...≈.≈..♣
§≈......≈.≈.♣≈.≈.♣..♣..♣≈♣≈
..≈≈≈≈....≈§......♣♣♣♣♣♣.♣♣
.≈§.....≈.R.≈..≈. ♣....≈.♣
≈≈....≈..≈J..≈.♣♣♣♣♣♣.≈♣♣≈.
.......≈Y)J..≈≈♣.♣♣.♣♣♣..♣♣
.....(..YJJ≈..≈≈.≈..♣♣.♣♣..
....§.....@≈....≈..♣♣.♣♣♣♣≈
≈...≈..≈.≈≈≈.≈♣♣..♣.♣R♣♣♣♣.
....≈....§..≈♣♣♣♣≈.♣(♣R♣♣.♣
≈≈......≈...♣♣ ♣.(♣.♣♣..♣.
##########§♣♣ .≈≈♣..♣.♣♣..
##♣ .≈.♣...♣♣.♣.♣♣
#<...≈..≈♣♣.♣♣♣
######≈♣..♣..♣. #≈..≈.♣.♣.


You could see the friendly Onaxys the knight, 2 enormous slime creatures, 2
large slime creatures and 2 friendly ice beasts.

Vanquished Creatures
  Rupert (D:14)
  An orc warlord (Orc:2)
  The ghost of Inkary the Carver, a journeyman MiBe of Trog (D:13)
  A yaktaur captain (D:14)
  Josephine (D:14)
  An ogre mage (Volcano)
  Fannar (D:11)
  13 hydras
  2 rakshasas (D:15)
  3 centaur warriors
  A death knight (D:15)
  12 two-headed ogres
  A satyr (shapeshifter) (D:15)
  An alligator (Swamp:1)
  3 orc high priests (Orc:2)
  Urug (Orc:1)
  A deep elf knight (D:12)
  2 skeletal warriors
  A swamp dragon (Swamp:1)
  An unseen horror (D:15)
  A phantasmal warrior (D:15)
  A wizard (D:14)
  A shambling mangrove (Swamp:1)
  5 orc knights
  2 ugly things
  4 wolf spiders
  3 deep elf magi
  A manticore (D:11)
  4 orc sorcerers (Orc:2)
  2 elephants
  A centaur zombie (D:13)
  5 black mambas
  A water nymph (shapeshifter) (D:15)
  A guardian serpent (Lair:6)
  A gargoyle (D:14)
  11 spiny frogs
  2 yaktaurs (D:14)
  3 rime drakes
  An efreet (D:12)
  5 komodo dragons
  A meliai (shapeshifter) (D:15)
  3 trolls
  2 tyrant leeches
  A polar bear (Lair:3)
  5 hornets
  A bog body (Swamp:2)
  7 blink frogs
  19 slime creatures
  2 hippogriffs
  2 spriggans
  10 wyverns
  15 yaks
  2 fire bats (Lair:3)
  A hungry ghost (D:9)
  3 wargs
  A steam dragon (Lair:6)
  4 insubstantial wisps (Swamp:2)
  4 swamp worms
  A soldier ant (D:13)
  17 water moccasins
  A porcupine (Lair:1)
  The ghost of Rhok the Skirmisher, an amateur MiAr of Gozag (D:4)
  2 sky beasts
  18 orc warriors
  2 phantoms (D:5)
  A swamp drake (Swamp:1)
  A wolf (D:8)
  5 centaurs
  5 boggarts (D:15)
  5 ogres
  2 crocodiles (Lair:6)
  A big kobold (D:9)
  7 bullfrogs
  A wyvern skeleton (D:6)
  3 scorpions
  11 killer bees
  7 electric eels
  A vampire bat (Lair:1)
  A wight (D:10)
  6 crimson imps
  A bullfrog zombie (D:6)
  A hound (D:8)
  3 jellies
  2 bullfrog skeletons
  13 orc priests
  11 orc wizards
  4 centaur skeletons
  7 iguanas
  7 worker ants
  A hound skeleton (D:4)
  9 gnolls
  25 adders
  3 shadow imps
  3 oozes
  An adder zombie (D:7)
  3 worms
  2 dart slugs
  6 leopard geckos
  60 orcs
  10 bats
  4 giant cockroaches
  6 goblins
  9 hobgoblins
  6 jackals
  4 quokkas
  8 frilled lizards
  18 kobolds
  A quokka skeleton (D:5)
  13 rats
527 creatures vanquished.

Vanquished Creatures (collateral kills)
  A red draconian (Volcano)
  A minotaur (Lab)
  4 hydras
  Erica (D:8)
  3 alligators
  2 two-headed ogres
  2 skeletal warriors (D:12)
  An unseen horror (D:11)
  A shambling mangrove (Swamp:1)
  An orc knight (Orc:1)
  2 oklob plants (Lair:3)
  A wolf spider (D:15)
  An ugly thing (D:13)
  A manticore (D:12)
  An elephant (Lair:5)
  Joseph (D:9)
  3 spiny frogs
  3 komodo dragons
  3 centaur skeletons
  A freezing wraith (D:15)
  A redback zombie (D:14)
  A polar bear (Lair:4)
  A hornet (Swamp:1)
  3 hippogriffs
  3 blink frogs
  5 slime creatures
  A vampire (D:13)
  A meliai zombie (D:15)
  4 wraiths
  22 yaks
  4 wyverns
  4 hungry ghosts
  Grum (D:8)
  4 basilisks
  A fire bat (Lair:3)
  2 wargs
  2 swamp worms (Swamp:2)
  An insubstantial wisp (Swamp:2)
  5 porcupines
  14 water moccasins
  A swamp drake (Swamp:1)
  7 orc warriors
  2 sky beasts
  An eye of draining (D:11)
  A phantom (D:13)
  A black bear (D:10)
  2 ice beasts
  3 wolves (D:8)
  4 ogres
  3 centaurs
  5 crocodiles
  A big kobold (D:11)
  6 bullfrogs
  A wyvern zombie (D:14)
  3 scorpions
  10 killer bees
  5 wights
  2 crimson imps
  2 quasits
  A hound (D:12)
  A bullfrog skeleton (D:13)
  An orc priest (Orc:2)
  4 jellies
  An iguana (D:5)
  7 orc wizards
  2 worker ants
  A hound skeleton (D:8)
  7 adders
  2 gnolls (Orc:1)
  2 leopard geckos
  38 orcs
  2 giant cockroaches
  2 jackals (D:10)
  A quokka (D:5)
  2 bats (Lair:1)
  A kobold (D:11)
  A quokka zombie (D:5)
  3 plants
253 creatures vanquished.

Vanquished Creatures (others)
  A bullfrog (D:7)
  15 knights
  A quokka (D:15)
  9 fungi
  25 plants
51 creatures vanquished.

Grand Total: 831 creatures vanquished

Notes
Turn   | Place    | Note
-------+----------+-------------------------------------------
     0 | D:1      | Inarius the Draconian Ice Elementalist began the quest for the Orb.
     0 | D:1      | Reached XP level 1. HP: 14/14 MP: 3/3
   288 | D:1      | Reached XP level 2. HP: 16/20 MP: 1/5
   942 | D:1      | Reached XP level 3. HP: 24/27 MP: 2/6
  1259 | D:2      | HP: 1/27 [worm (6)]
  1612 | D:2      | Learned a level 3 spell: Ozocubu's Armour
  1794 | D:2      | Reached skill level 1 in Fighting
  1814 | D:2      | Reached skill level 4 in Ice Magic
  1884 | D:2      | Found a sacrificial altar of Ru.
  1918 | D:2      | Reached XP level 4. HP: 26/35 MP: 3/7
  2230 | D:2      | Reached skill level 1 in Charms
  2264 | D:2      | Learned a level 4 spell: Throw Icicle
  2351 | D:2      | Found an opulent altar of Gozag.
  2610 | D:3      | Reached XP level 5. HP: 40/40 MP: 6/9
  3055 | D:3      | Found a snail-covered altar of Cheibriados.
  3217 | D:3      | Reached skill level 5 in Ice Magic
  3357 | D:3      | Found a blossoming altar of Fedhas.
  3484 | D:3      | Reached XP level 6. HP: 41/47 MP: 6/11
  3960 | D:4      | Noticed Rhok's ghost (amateur MiAr)
  4134 | D:4      | Killed Rhok's ghost
  4471 | D:4      | Found a staircase to the Ecumenical Temple.
  4485 | Temple   | Entered the Ecumenical Temple
  4494 | Temple   | Became a worshipper of Hepliaklqana the Forgotten
  4590 | D:4      | Your scales start taking on an icy white colour.
  4590 | D:4      | Reached skill level 7 in Ice Magic
  4590 | D:4      | Reached XP level 7. HP: 22/46 MP: 4/12
  4590 | D:4      | Gained mutation: Your flesh is cold resistant. (rC+) [White Draconian growth]
  4691 | D:4      | Found an ornate altar of the Wu Jian Council.
  4744 | D:4      | Learned a level 4 spell: Summon Ice Beast
  4766 | D:4      | Found a glowing golden altar of the Shining One.
  4771 | D:5      | Entered Level 5 of the Dungeon
  4862 | D:5      | Reached skill level 1 in Summonings
  4946 | D:5      | Reached skill level 1 in Long Blades
  5150 | D:5      | Reached * piety under Hepliaklqana
  5248 | D:5      | Reached XP level 8. HP: 40/55 MP: 15/15
  5444 | D:6      | Reached skill level 5 in Spellcasting
  5444 | D:6      | Reached skill level 8 in Ice Magic
  6106 | D:6      | Reached ** piety under Hepliaklqana
  6107 | D:6      | Remembered your ancestor Onaxys as a knight
  6691 | D:7      | Noticed a hippogriff
  6698 | D:7      | Killed a hippogriff
  6967 | D:7      | Reached skill level 9 in Ice Magic
  7007 | D:7      | Found Kiwavas's Weapon Shop.
  7106 | D:7      | Found a radiant altar of Vehumet.
  7176 | D:7      | Reached XP level 9. HP: 51/63 MP: 2/16
  7573 | D:8      | Noticed a two-headed ogre
  7581 | D:8      | Killed a two-headed ogre
  7581 | D:8      | Reached skill level 10 in Ice Magic
  7714 | D:8      | Found a staircase to the Lair.
  7720 | D:8      | Found a shattered altar of Ashenzari.
  7726 | D:8      | Reached *** piety under Hepliaklqana
  8028 | D:8      | Reached skill level 11 in Ice Magic
  8316 | D:8      | Noticed Erica
  8331 | D:8      | Noticed Grum
  8340 | D:8      | Killed Erica
  8340 | D:8      | Reached skill level 5 in Dodging
  8340 | D:8      | Reached XP level 10. HP: 56/72 MP: 13/17
  8350 | D:8      | Reached skill level 5 in Conjurations
  8357 | D:8      | Killed Grum
  8357 | D:8      | Reached skill level 12 in Ice Magic
  8512 | D:9      | Noticed a two-headed ogre
  8517 | D:9      | Killed a two-headed ogre
  8734 | D:9      | Found Guiloo Uxof's Assorted Antiques.
  8747 | D:9      | Bought a scroll labeled VIMUAT OHUJ for 29 gold pieces
  8747 | D:9      | Bought a metallic blue potion for 26 gold pieces
  8747 | D:9      | Bought a shiny steel ring for 145 gold pieces
  8747 | D:9      | Bought 2 scrolls labeled OCROTR IKLUATZ for 58 gold pieces
  8747 | D:9      | Bought a lumpy dark potion for 26 gold pieces
  8747 | D:9      | Bought a scroll of identify for 58 gold pieces
  8870 | D:9      | Noticed Joseph
  8878 | D:9      | Killed Joseph
  8878 | D:9      | Reached skill level 1 in Invocations
  8952 | D:9      | Noticed a two-headed ogre
  8960 | D:9      | Killed a two-headed ogre
  8960 | D:9      | Reached skill level 5 in Fighting
  8960 | D:9      | Reached skill level 1 in Shields
  9113 | D:10     | Entered Level 10 of the Dungeon
  9300 | D:10     | Noticed a two-headed ogre
  9306 | D:10     | Killed a two-headed ogre
  9402 | D:10     | Found Osimn's Gadget Emporium.
  9633 | D:10     | Found a staircase to the Orcish Mines.
  9890 | D:10     | Reached XP level 11. HP: 38/79 MP: 19/19
 10035 | D:10     | Reached skill level 13 in Ice Magic
 10522 | D:11     | Reached **** piety under Hepliaklqana
 10597 | D:11     | Noticed Fannar
 10961 | D:11     | Killed Fannar
 11182 | D:11     | Killed an unseen horror
 11225 | D:11     | Reached skill level 1 in Staves
 11397 | D:11     | Noticed a purple ugly thing
 11411 | D:11     | Killed a purple ugly thing
 11754 | D:11     | Gained mutation: You possess an exceptional clarity of mind. [potion of mutation]
 11754 | D:11     | Gained mutation: You are agile. (Dex +2) [potion of mutation]
 11754 | D:11     | Gained mutation: You expend magic power (3 MP) to strengthen your wands. [potion of mutation]
 11754 | D:11     | Gained mutation: You have a pair of small horns on your head. [potion of mutation]
 11922 | D:12     | Noticed an eight-headed hydra
 12062 | D:11     | Killed an eight-headed hydra
 12356 | D:11     | Reached skill level 14 in Ice Magic
 12534 | D:12     | Found a portal to a secret trove of treasure.
 12667 | D:12     | Noticed a deep elf knight
 12679 | D:12     | Killed a deep elf knight
 13245 | D:12     | Reached XP level 12. HP: 75/86 MP: 9/21
 14082 | Lair:1   | Entered Level 1 of the Lair of Beasts
 14759 | Lair:1   | Reached ***** piety under Hepliaklqana
 15486 | Lair:2   | Noticed a five-headed hydra
 15491 | Lair:2   | Killed a five-headed hydra
 15535 | Lair:2   | Noticed an eight-headed hydra
 15881 | Lair:2   | Killed an eight-headed hydra
 15881 | Lair:2   | Reached skill level 15 in Ice Magic
 16069 | Lair:2   | Learned a level 5 spell: Metabolic Englaciation
 16982 | Lair:3   | Found a dark tunnel.
 17007 | Volcano  | Entered a volcano
 17033 | Volcano  | Noticed a two-headed ogre
 17037 | Volcano  | Noticed an ogre mage
 17039 | Volcano  | Noticed a two-headed ogre
 17041 | Volcano  | Killed a two-headed ogre
 17043 | Volcano  | Killed an ogre mage
 17070 | Volcano  | Killed a two-headed ogre
 17070 | Volcano  | Reached XP level 13. HP: 37/93 MP: 3/23
 17383 | Volcano  | Noticed a red draconian
 17401 | Volcano  | Killed a red draconian
 17401 | Volcano  | Reached skill level 16 in Ice Magic
 18036 | Lair:3   | Learned a level 2 spell: Swiftness
 18859 | Lair:4   | Found a labyrinth entrance.
 18867 | Lair:4   | Found a hole to the Spider Nest.
 18887 | Lab      | Entered a labyrinth
 19220 | Lab      | Noticed a minotaur
 19233 | Lab      | Killed a minotaur
 19241 | Lab      | Got a pitted quarterstaff {crush}
 19345 | Lair:4   | Identified the +3 quarterstaff of Turmoil {crush, rPois Int+2} (You took it off a minotaur in a labyrinth)
 19553 | Lair:4   | Found a staircase to the Swamp.
 20008 | Lair:5   | Found a hazy altar of Hepliaklqana.
 20139 | Lair:5   | Reached skill level 5 in Invocations
 20173 | Lair:5   | Found a staircase to the Slime Pits.
 20606 | Lair:6   | Entered Level 6 of the Lair of Beasts
 20641 | Lair:6   | Reached skill level 17 in Ice Magic
 21361 | Lair:6   | Reached skill level 5 in Staves
 21361 | Lair:6   | Reached XP level 14. HP: 97/101 MP: 6/25
 22133 | Lair:6   | Reached skill level 5 in Summonings
 22320 | Lair:6   | Identified a scroll of acquirement
 24091 | D:13     | Noticed Inkary's ghost (journeyman MiBe)
 24456 | D:13     | Reached skill level 18 in Ice Magic
 24923 | D:13     | Killed Inkary's ghost
 24974 | D:14     | Noticed Rupert
 24980 | D:14     | Killed Rupert
 25122 | D:14     | Noticed Josephine
 25124 | D:14     | Killed Josephine
 25236 | D:14     | Reached ****** piety under Hepliaklqana
 25245 | D:14     | Found a gate to the Vaults.
 25540 | D:14     | Reached skill level 5 in Shields
 25606 | D:14     | Reached XP level 15. HP: 102/110 MP: 23/27
 25874 | D:15     | Entered Level 15 of the Dungeon
 26267 | D:15     | Reached skill level 1 in Air Magic
 26330 | D:15     | Got a ring of the Octopus King
 26343 | D:15     | Identified a ring of the Octopus King {MP+9 AC+1 EV+1 Str+1 Int+1 Dex+1} (You took it off a death knight on level 15 of the Dungeon)
 26720 | D:15     | Found a white marble altar of Elyvilon.
 26886 | D:15     | Reached skill level 10 in Conjurations
 27378 | D:15     | Reached skill level 19 in Ice Magic
 27606 | D:15     | Found a staircase to the Depths.
 27909 | Orc:1    | Entered Level 1 of the Orcish Mines
 27914 | Orc:1    | Noticed Urug
 27932 | Orc:1    | Killed Urug
 28753 | Orc:1    | Found a roughly hewn altar of Beogh.
 28907 | Orc:2    | Entered Level 2 of the Orcish Mines
 29026 | Orc:2    | Noticed an orc warlord
 29116 | Orc:2    | Found a staircase to the Elven Halls.
 29255 | Orc:2    | Killed an orc warlord
 29492 | Orc:2    | Reached skill level 1 in Hexes
 29646 | Orc:2    | Found Qisatun's General Store.
 29646 | Orc:2    | Found Mute's General Store.
 29648 | Orc:2    | Found Ogyd's Antique Armour Boutique.
 29648 | Orc:2    | Found Dopudin's Antique Weapon Emporium.
 29662 | Orc:2    | Bought a pair of fine gloves for 323 gold pieces
 29676 | Orc:2    | Identified the +1 pair of gloves of the Untouchables {rN+ rCorr Slay-5} (You bought it in a shop on level 2 of the Orcish Mines)
 29707 | Orc:2    | Bought a scroll of summoning for 142 gold pieces
 30139 | Swamp:1  | Entered Level 1 of the Swamp
 31030 | Swamp:1  | Reached skill level 1 in Evocations
 31852 | Swamp:2  | Reached XP level 16. HP: 119/119 MP: 26/29
 31929 | Swamp:2  | Found a transporter.
 32154 | Swamp:2  | Slain by an enormous slime creature

Skill      XL: |  1  2  3  4  5  6  7  8  9 10 11 12 13 14 15 |
---------------+----------------------------------------------+-----
Dodging        | 2 3 5 6 7 8 9 |  9.1
Fighting       | 1 2 3 4 5 6 7 8 9 |  9.8
Ice Magic      | 4 5 7 9 11 12 14 15 17 18 19 | 19.6
Charms         | 1 2 3 4 |  4.2
Spellcasting   | 3 4 5 6 7 8 9 |  9.6
Conjurations   | 2 3 4 5 6 7 8 9 10 | 10.4
Summonings     | 1 3 4 5 |  5.4
Long Blades    | 1 |  1.2
Invocations    | 2 3 4 5 6 |  6.0
Shields        | 2 3 4 5 |  5.6
Staves         | 1 3 5 6 |  6.0
Air Magic      | 2 |  2.3
Hexes          | 2 |  2.2
Evocations     | 1 |  1.9
Short Blades   | |  0.8
Stealth        | |  1.7

Action                   |  1- 3 |  4- 6 |  7- 9 | 10-12 | 13-15 | 16-18 || total
-------------------------+-------+-------+-------+-------+-------+-------++-------
Melee: Unarmed           |    14 |       |       |       |       |       ||    14
       Tailslap          |     9 |    12 |    19 |    60 |    82 |     2 ||   184
       Whip              |    86 |    67 |       |       |       |       ||   153
       Short sword       |       |    57 |       |       |       |       ||    57
       Long sword        |       |     3 |   178 |    46 |       |       ||   227
       Scimitar          |       |       |       |   178 |    34 |       ||   212
       Staff             |       |       |       |   231 |   594 |     3 ||   828
       Headbutt          |       |       |       |    38 |   125 |     2 ||   165
 Cast: Freeze            |    43 |   100 |    42 |       |       |       ||   185
       Ozocubu's Armour  |       |     3 |     9 |    32 |    43 |       ||    87
       Throw Icicle      |       |       |    17 |   138 |   404 |     9 ||   568
       Summon Ice Beast  |       |       |     1 |     9 |    16 |     2 ||    28
Invok: Ancestor Identity |       |     1 |       |       |       |       ||     1
       Ancestor Life: Kn |       |       |     1 |       |       |       ||     1
       Recall Ancestor   |       |       |       |     5 |     7 |       ||    12
       Transference      |       |       |       |     1 |     1 |       ||     2
       Idealise          |       |       |       |       |     1 |       ||     1
 Abil: Breathe Frost     |       |       |     2 |     4 |     6 |     1 ||    13
Evoke: Wand              |       |       |       |       |     2 |       ||     2
  Use: Scroll            |       |       |     7 |    17 |    13 |     1 ||    38
       Potion            |       |       |     2 |     8 |     1 |       ||    11
 Stab: Sleeping          |     3 |     1 |     1 |     2 |     2 |       ||     9
       Distracted        |       |       |     3 |     2 |    11 |     1 ||    17
  Eat: Chunk             |     4 |     7 |    12 |    30 |    54 |       ||   107
       Ration            |       |     1 |     2 |     6 |     9 |       ||    18
Armor: Skin              |    37 |    76 |    96 |   177 |   194 |     1 ||   581
Dodge: Dodged            |    78 |   148 |   181 |   527 |   566 |     3 ||  1503
Block: Buckler           |       |       |       |   109 |    84 |       ||   193
       Shield            |       |       |       |       |   185 |     2 ||   187
       Rpst.: Long sword |       |     1 |    61 |    14 |       |       ||    76
       Scimitar          |       |       |       |    49 |     5 |       ||    54
